Map: [ESL] Altitude

Players

goblin

  • Race: Protoss Protoss
  • Spawn Location: 1:00

HeroMarine - Winner!

  • Race: Terran Terran
  • Spawn Location: 7:00

Event: ESL SC2 Masters 2023 Summer (Regionals)

VOD

Have the link to the VOD?

Description

Time

  • Played on: May 7, 2023, 11:10 a.m.
  • Length: 10:49

All games in this series

Show
View Real Time Build Order
Export as new Build Order

goblin Protoss 

Build Orders: 1 Gate Expand, Phoenix Opening 

Get SALT Encoding   

  12  0:00  Probe  
  13  0:12  Probe  
  14  0:19  Pylon  
  14  0:24  Probe  
  15  0:37  Probe (Chrono Boost)  
  15  0:40  Gateway  
  16  0:46  Probe (Chrono Boost)  
  16  0:47  Assimilator  
  17  0:51  Probe  
  18  1:04  Probe  
  19  1:22  Probe  
  20  1:28  Cybernetics Core  
  20  1:35  Nexus  
  20  1:39  Probe  
  21  1:46  Pylon  
  21  1:52  Probe  
  22  1:58  Assimilator  
  22  2:04  Probe  
  22  2:06  Adept (Chrono Boost)  
  25  2:16  Probe (Chrono Boost)  
  26  2:27  Probe (Chrono Boost)  
  26  2:28  Stalker  
  29  2:35  Probe, Stargate  
  30  2:42  Warp Gate  
  30  2:47  Probe x2  
  32  3:01  Probe (Chrono Boost), Stalker  
  32  3:02  Probe (Chrono Boost)  
  38  3:14  Probe (Chrono Boost)  
  38  3:16  Probe (Chrono Boost)  
  38  3:18  Phoenix (Chrono Boost)  
  38  3:19  Probe (Chrono Boost)  
  40  3:23  Probe  
  42  3:29  Probe  
  42  3:31  Pylon  
  43  3:35  Phoenix (Chrono Boost)  
  43  3:41  Probe  
  46  3:44  Assimilator  
  46  3:48  Pylon  
  46  3:49  Probe  
  46  3:53  Probe  
  48  3:58  Phoenix  
  48  4:01  Probe  
  51  4:05  Probe  
  52  4:11  Shield Battery  
  52  4:14  Probe  
  52  4:15  Gateway  
  53  4:17  Probe  
  53  4:22  Nexus  
  54  4:27  Phoenix (Chrono Boost)  
  54  4:30  Sentry  
  58  4:31  Probe  
  58  4:35  Pylon  
  58  4:36  Probe  
  62  4:52  Pylon  
  62  4:59  Adept  
  64  5:02  Phoenix  
  64  5:03  Pylon  
  64  5:04  Twilight Council  
  64  5:07  Gateway  
  64  5:10  Gateway  
  65  5:14  Probe x2  
  65  5:15  Assimilator  
  65  5:17  Adept  
  68  5:29  Gateway  
  68  5:31  Cybernetics Core, Phoenix  
  70  5:38  Probe x2  
  70  5:39  Charge (Chrono Boost)  
  73  5:42  Probe  
  73  5:54  Probe  
  73  5:55  Probe, Phoenix (Chrono Boost)  
  77  5:59  Probe  
  77  6:02  Zealot x2  
  82  6:06  Probe  
  82  6:07  Probe  
  82  6:10  Phoenix (Chrono Boost)  
  83  6:12  Zealot  
  83  6:15  Pylon  
  87  6:19  Probe  
  87  6:20  Probe  
  87  6:21  Probe  
  87  6:22  Pylon  
  90  6:27  Phoenix  
  90  6:28  Zealot  
  92  6:33  Pylon  
  92  6:34  Zealot x3  
  92  6:36  Probe  
  101  6:40  Probe  
  101  6:46  Pylon  
  102  6:48  Zealot  
  102  6:52  Probe  
  102  6:53  Phoenix (Chrono Boost)  
  106  6:56  Probe x2  
  107  7:04  Probe  
  107  7:05  Zealot  
  107  7:06  Zealot x2  
  114  7:09  Gateway  
  114  7:10  Gateway  
  114  7:12  Gateway  
  114  7:16  Phoenix (Chrono Boost)  
  116  7:23  Robotics Facility  
  116  7:28  Zealot x4  
  124  7:31  Pylon  
  124  7:33  Pylon  
  124  7:37  Nexus  
  124  7:40  Pylon  
  124  7:48  Phoenix  
  126  7:51  Pylon  
  126  7:52  Zealot x3  
  126  7:53  Zealot  
  126  7:54  Probe (Chrono Boost)  
  126  7:55  Probe (Chrono Boost)  
  126  7:57  Probe (Chrono Boost)  
  137  8:05  Probe x2 (Chrono Boost), Forge  
  140  8:06  Probe (Chrono Boost)  
  140  8:12  Probe x2  
  139  8:13  Observer (Chrono Boost)  
  139  8:15  Robotics Bay  
  141  8:21  Probe  
  141  8:24  Probe  
  141  8:25  Observer (Chrono Boost)  
  141  8:26  Zealot x6  
  156  8:40  Pylon x2  
  156  8:42  Observer (Chrono Boost)  
  156  8:43  Gateway  
  156  8:45  Gateway  
  131  9:05  Zealot x3  
  131  9:06  Zealot x4  
  113  9:13  Phoenix (Chrono Boost)  
  97  9:27  Zealot x5  
  97  9:28  Zealot x2  
  97  9:29  Colossus (Chrono Boost)  
  111  9:31  Observer  
  111  9:32  Phoenix (Chrono Boost)  
  111  9:35  Gateway  
  111  9:37  Gateway x2  
  103  9:56  Zealot x8  
  117  10:14  Phoenix  
  117  10:21  Robotics Facility  
  117  10:27  Shield Battery  
  117  10:28  Shield Battery  
  117  10:29  Sentry x3  
  117  10:32  Probe x2  
Show
View Real Time Build Order
Export as new Build Order

HeroMarine Terran - Winner!

Build Orders:  

Get SALT Encoding   

  12  0:00  SCV  
  13  0:12  SCV  
  14  0:17  Supply Depot  
  14  0:24  SCV  
  15  0:39  Barracks, SCV  
  16  0:44  Refinery  
  16  0:51  SCV  
  16  0:54  Refinery  
  17  1:03  SCV  
  18  1:15  SCV  
  19  1:26  Reaper  
  19  1:27  Orbital Command  
  20  1:42  Factory  
  20  1:52  SCV  
  20  1:53  Supply Depot  
  21  2:03  Barracks Reactor  
  21  2:04  SCV  
  22  2:16  SCV  
  22  2:22  Command Center  
  23  2:27  Hellion  
  25  2:31  SCV  
  26  2:37  Supply Depot  
  26  2:43  SCV  
  29  2:50  Widow Mine  
  29  2:53  Starport  
  29  2:55  SCV  
  30  3:02  Marine x2  
  32  3:08  SCV  
  32  3:11  Widow Mine  
  35  3:20  SCV, Marine x2  
  38  3:32  SCV, Factory Tech Lab  
  38  3:34  Medivac  
  41  3:38  Marine x2  
  43  3:44  SCV  
  43  3:47  Supply Depot  
  44  3:51  Cyclone  
  44  3:54  Orbital Command  
  46  3:58  Marine x2  
  48  4:04  Viking  
  48  4:07  SCV  
  51  4:16  Marine x2  
  53  4:19  SCV  
  53  4:21  SCV  
  53  4:23  Cyclone  
  58  4:27  Supply Depot  
  58  4:31  SCV  
  58  4:33  SCV, Marine  
  58  4:34  Marine  
  62  4:47  Viking  
  62  4:48  SCV x2  
  62  4:50  Supply Depot  
  62  4:51  Marine  
  65  4:53  Marine  
  65  4:55  Cyclone  
  69  5:00  SCV  
  70  5:07  Supply Depot  
  70  5:11  Marine x2, SCV  
  70  5:12  SCV  
  72  5:17  Bunker  
  72  5:18  Viking  
  72  5:19  Barracks  
  74  5:24  SCV x2  
  76  5:29  Marine x2  
  77  5:36  SCV  
  77  5:37  SCV  
  77  5:38  Siege Tank  
  82  5:47  Marine x2  
  82  5:48  SCV  
  82  5:49  SCV, Command Center  
  86  5:51  Starport Tech Lab  
  86  5:56  Engineering Bay  
  86  6:03  Supply Depot  
  86  6:07  SCV x2  
  86  6:11  Barracks  
  86  6:14  Marine x2  
  86  6:15  Siege Tank  
  86  6:16  Stimpack, Marine  
  86  6:17  Starport Reactor  
  92  6:19  SCV x2  
  92  6:22  Refinery  
  92  6:23  Refinery  
  92  6:24  Terran Infantry Weapons Level 1  
  94  6:27  Missile Turret  
  94  6:31  SCV  
  95  6:34  SCV  
  95  6:36  Marine x2  
  98  6:43  SCV  
  98  6:44  Marine  
  98  6:46  SCV  
  101  6:54  Marine x2  
  101  7:00  Missile Turret x2, Factory Reactor  
  101  7:01  Medivac x2  
  105  7:03  SCV x2  
  105  7:04  Barracks  
  105  7:05  Barracks  
  106  7:12  Marine x2  
  110  7:15  SCV x2  
  110  7:17  Combat Shield  
  110  7:18  Marauder x2  
  113  7:27  SCV x2  
  115  7:30  Marine x2, Missile Turret  
  117  7:39  Medivac x2, Supply Depot  
  117  7:40  Orbital Command  
  123  7:44  Marauder  
  123  7:45  Marauder  
  123  7:49  Marine  
  123  7:50  Marine  
  124  7:54  Barracks Reactor, Barracks Tech Lab  
  125  8:00  Bunker  
  125  8:03  Supply Depot  
  128  8:05  Marauder  
  128  8:06  Widow Mine  
  128  8:08  Supply Depot  
  128  8:11  Marauder  
  128  8:12  Widow Mine  
  132  8:14  Marine  
  132  8:16  Marine  
  132  8:17  Marauder  
  132  8:19  SCV x2, Terran Infantry Armor Level 1  
  139  8:20  SCV  
  139  8:22  Concussive Shells  
  139  8:27  Widow Mine  
  139  8:30  Marine, Marauder  
  139  8:31  Marine, SCV x2  
  139  8:32  SCV  
  146  8:35  Marine x3  
  146  8:38  Supply Depot  
  151  8:41  Marauder  
  151  8:43  SCV  
  151  8:45  Widow Mine, Medivac  
  151  8:47  Medivac  
  157  8:48  Widow Mine  
  157  8:54  Marine x2  
  135  9:05  SCV x2  
  135  9:06  SCV  
  135  9:08  Marauder  
  135  9:09  Marauder, Marine x2  
  129  9:17  Marauder, SCV  
  122  9:18  Marine x2  
  122  9:22  Command Center  
  122  9:23  Widow Mine, Armory, Engineering Bay  
  127  9:27  Widow Mine, Marine  
  127  9:30  Marauder, Marine  
  127  9:31  Marine  
  134  9:36  Marine  
  135  9:39  Refinery x2  
  135  9:40  SCV x2  
  135  9:41  SCV  
  135  9:43  Marine  
  135  9:44  Widow Mine  
  135  9:45  Marine  
  144  9:48  Marine  
  149  9:55  Supply Depot  
  147  10:00  Marine  
  147  10:01  Marine  
  147  10:04  Widow Mine, Marauder x3, Medivac x2  
  147  10:05  Widow Mine  
  153  10:20  Ghost Academy  
  152  10:25  Marauder x3  
  152  10:26  Marine x3  
  152  10:27  Marine  
  164  10:38  Sensor Tower  
Tags
 
Add a new tag
Caveats
  • Supply blocks, unpowered buildings, or Contaminate may cause inaccurate times.
  • Supply counts are checked every 10 seconds.